 Dungeon Crawl Stone Soup version 0.30-a0-586-g23e55c9e0a (webtiles) character file.

Game seed: 4545838766308596877

56 wormed the Sneak (level 3, -2/26 HPs)
             Began as a Gnoll Wanderer on Jan 4, 2023.
             Slain by a gnoll
             ... wielding a +0 spear
              (6 damage)
             ... on level 2 of the Dungeon.
             The game lasted 00:02:41 (1048 turns).

wormed the Sneak (Gnoll Wanderer)                   Turns: 1048, Time: 00:02:42

Health: -2/26      AC:  3    Str:  9 (10) XL:     3   Next: 97%
Magic:  7/7        EV: 12    Int: 11 (13) God:
Gold:   84         SH:  0    Dex: 10 (12) Spells: 5/7 levels left

rFire   . . .      SeeInvis .    a - +0 dagger
rCold   . . .      Faith    .    (no shield)
rNeg    . . .      Spirit   .    c - +0 robe
rPois   .          Reflect  .    (no helmet)
rElec   .          Harm     .    (no cloak)
rCorr   +          Rampage  .    d - +0 pair of gloves
Will    .....                    (no boots)
Stlth   +++                      (no amulet)
HPRegen 0.24/turn                f - ring of resist corrosion
MPRegen 0.10/turn                (no ring)

@: wereblooded
A: fangs 1, strong nose, distributed training
a: no special abilities


You were on level 2 of the Dungeon.
You visited 1 branch of the dungeon, and saw 2 of its levels.

You collected 84 gold pieces.

Inventory:

Hand Weapons
 a - a +0 dagger (weapon)
Armour
 c - a +0 robe (worn)
 d - a +0 pair of gloves (worn)
Jewellery
 f - a ring of resist corrosion (left hand)
Scrolls
 g - a scroll of teleportation {unknown}
 h - a scroll of identify {unknown}
 i - a scroll of immolation {unknown}
 j - a scroll of noise {unknown}
 m - a scroll of fog {unknown}
 n - a scroll of magic mapping {unknown}
Potions
 b - 2 potions of brilliance


   Skills:
 + Level 1.0 Fighting
 + Level 1.0 Short Blades
 + Level 1.0 Long Blades
 + Level 1.0 Axes
 + Level 1.0 Maces & Flails
 + Level 1.0 Polearms
 + Level 1.0 Staves
 + Level 1.0 Ranged Weapons
 + Level 1.0 Throwing
 + Level 1.0 Armour
 + Level 2.7 Dodging
 + Level 7.8 Stealth
 + Level 1.0 Shields
 + Level 1.0 Unarmed Combat
 + Level 2.9 Spellcasting
 + Level 0.7 Conjurations
 + Level 2.2 Hexes
 + Level 0.7 Summonings
 + Level 0.7 Necromancy
 + Level 0.7 Translocations
 + Level 5.4 Transmutations
 + Level 0.7 Fire Magic
 + Level 0.7 Ice Magic
 + Level 0.7 Air Magic
 + Level 0.7 Earth Magic
 + Level 0.7 Poison Magic
 + Level 1.1 Invocations
 + Level 1.0 Evocations


You had 5 spell levels left.
You knew the following spells:

 Your Spells              Type           Power      Damage    Failure   Level
a - Wereblood             Tmut           13%        N/A       4%          2

Your spell library contained the following spells:

 Spells                   Type           Power      Damage    Failure   Level
 Sting                    Tmut/Pois      32%        1d4       8%          1
 Slow                     Hex            24%        N/A       11%         1
 Inner Flame              Hex/Fire       4%         N/A       41%         3
 Petrify                  Tmut/Erth      8%         N/A       58%         4


Dungeon Overview and Level Annotations

Branches:
Dungeon (2/15)

Altars:

Shops:
D:1 (


Innate Abilities, Weirdness & Mutations

You have very sharp teeth.
Your uncanny sense of smell can sniff out nearby items.
Your experience applies equally to all skills.


Message History

You hit the gnoll but do no damage. The gnoll closely misses you.
You closely miss the gnoll. The gnoll closely misses you.
You closely miss the gnoll. The gnoll hits you with a +0 spear.
You closely miss the gnoll. The gnoll hits you but does no damage.
You hit the gnoll.
The gnoll is lightly wounded.
The gnoll hits you with a +0 spear.
You hit the gnoll but do no damage.
The gnoll is lightly wounded.
The gnoll barely misses you.
You hit the gnoll but do no damage. You bite the gnoll, but do no damage.
The gnoll is lightly wounded.
The gnoll hits you with a +0 spear.
You hit the gnoll but do no damage. You bite the gnoll.
The gnoll is moderately wounded.
The gnoll hits you with a +0 spear.
* * * LOW HITPOINT WARNING * * *
Casting: Wereblood (safe; 3% risk of failure)
Confirm with . or Enter, or press ? or * to list all spells.
Your blood is infused with primal strength.
The gnoll hits you with a +0 spear.
* * * LOW HITPOINT WARNING * * *
It was a potion of magic.
Magic courses through your body. The gnoll closely misses you.
You hit the gnoll but do no damage.
The gnoll is moderately wounded.
The gnoll hits you with a +0 spear.
* * * LOW HITPOINT WARNING * * *
You closely miss the gnoll.
The gnoll is moderately wounded.
The gnoll barely misses you.
It was a potion of degeneration.
There was something very wrong with that liquid.
You feel weakened.
You feel dopey.
You feel clumsy. The gnoll hits you but does no damage.
As you read the scroll labelled BYPROCH JYMEIFOU, it crumbles to dust.
It is a scroll of amnesia.
Okay, then.
The gnoll hits you with a +0 spear.
You die...

###........###.........#.#
####........##............#
[..................)....###
#####..#####..............#
#.. .....#.######..##.##
#.. ##..#..# ##.###..# #.
#....######..####.#
>...#####..........#
#.......g@.##.#######
.....#.######.# ..# .### ..
.. ...


You could see a gnoll.

Vanquished Creatures
  2 adders (D:2)
  A dart slug (D:2)
  3 endoplasms
  A giant cockroach (D:1)
  4 goblins
  2 hobgoblins (D:2)
  5 jackals (D:1)
  4 kobolds
  A quokka (D:2)
  A ball python (D:1)
  6 bats
  3 frilled lizards (D:1)
  2 rats (D:2)
35 creatures vanquished.

Notes
Turn   | Place    | Note
-------+----------+-------------------------------------------
     0 | D:1      | wormed the Gnoll Wanderer began the quest for the Orb.
     0 | D:1      | wormed set off with the following items: a +0 dagger, a
                  | potion of brilliance, a +0 robe, a +0 pair of gloves; and
                  | the following spells available to memorise: Wereblood,
                  | Sting, Slow, Inner Flame, Petrify.
     0 | D:1      | Reached XP level 1. HP: 13/13 MP: 4/4
    80 | D:1      | Found Xidafil's Antique Weapon Shop.
    86 | D:1      | Reached XP level 2. HP: 19/19 MP: 5/5
   147 | D:1      | You fall into a shaft and drop 1 floor!
   382 | D:1      | Reached XP level 3. HP: 11/25 MP: 7/7
   809 | D:2      | Reached skill level 1 in Invocations
   838 | D:2      | Reached skill level 1 in Fighting
   838 | D:2      | Reached skill level 1 in Short Blades
   838 | D:2      | Reached skill level 1 in Long Blades
   838 | D:2      | Reached skill level 1 in Axes
   838 | D:2      | Reached skill level 1 in Maces & Flails
   838 | D:2      | Reached skill level 1 in Polearms
   838 | D:2      | Reached skill level 1 in Staves
   838 | D:2      | Reached skill level 1 in Ranged Weapons
   838 | D:2      | Reached skill level 1 in Throwing
   838 | D:2      | Reached skill level 1 in Armour
   838 | D:2      | Reached skill level 1 in Shields
   838 | D:2      | Reached skill level 1 in Unarmed Combat
   838 | D:2      | Reached skill level 1 in Evocations
   893 | D:2      | Learned a level 2 spell: Wereblood
  1048 | D:2      | Slain by a gnoll

Illustrated notes

Levels and vault maps discovered:
D:1:      saegor_arrival_simple_e, layout_basic, serial_shops, shop
D:2:      layout_rooms, dreamdust_ecumenical_altar_angels_and_demons

Skill      XL: |  1  2  3 |
---------------+----------+-----
Hexes          | 2 |  2.2
Invocations    | 1 |  1.1
Fighting       | 1 |  1.0
Short Blades   | 1 |  1.0
Long Blades    | 1 |  1.0
Axes           | 1 |  1.0
Maces & Flails | 1 |  1.0
Polearms       | 1 |  1.0
Staves         | 1 |  1.0
Ranged Weapons | 1 |  1.0
Throwing       | 1 |  1.0
Armour         | 1 |  1.0
Shields        | 1 |  1.0
Unarmed Combat | 1 |  1.0
Evocations     | 1 |  1.0
Dodging        | |  2.7
Stealth        | |  7.8
Spellcasting   | |  2.9
Conjurations   | |  0.7
Summonings     | |  0.7
Necromancy     | |  0.7
Translocations | |  0.7
Transmutations | |  5.4
Fire Magic     | |  0.7
Ice Magic      | |  0.7
Air Magic      | |  0.7
Earth Magic    | |  0.7
Poison Magic   | |  0.7

Action                   || total
-------------------------++-------
Melee: Dagger            ||   143
       Bite              ||    12
       Punch             ||     1
 Cast: Wereblood         ||     1
  Use: Potion            ||     4
       Scroll            ||     1
 Stab: Sleeping          ||     9
Armor: Robe              ||    32
Dodge: Dodged            ||   103

Table legend: (Time is in decaauts)
 A = Elapsed time spent in this place.
 B = Non-inter-level travel time spent in this place.
 C = Inter-level travel time spent in this place.
 D = Time resting spent in this place.
 E = Time spent auto-exploring this place.
 F = Levels seen in this place.
 G = Mean time per level.
                   A        B        C        D        E       F      G
               +--------+--------+--------+--------+--------+-----+--------+
         Total |   1042 |   1002 |     40 |      0 |    685 |   2 |  521.0 |
       Dungeon |   1042 |   1002 |     40 |      0 |    685 |   2 |  521.0 |
               +--------+--------+--------+--------+--------+-----+--------+

Top non-repeatable levels by time:
     D:1: 705 daAuts
     D:2: 337 daAuts
